Wiwo, chaotic female elven Wizard --- .| ---------- .| |..<.....| .| |..^......# . |........|# |.)......|### --------|- # # ### # # ----------- ### ##########################..$$$$$$$$| ## ###-----# # |.$$$$$$$$| ######## ####-...|# # |.$$$$$$$$| -|------@-- # |...|# # +.$$$$$$$$. |.......as.%### |...|# --|------ |.$%$$$$$$| |........u| # |....# |.......| |.$$$$$$$$| |..........## |...| |.......| -----.----- ----------- --+-- |........ --------- Wiwo the Magician Experience level: 10 Strength: 18 Dexterity: 13 Constitution: 16 Intelligence: 19 Wisdom: 17 Charisma: 11 Health: 0(91) Energy: 69(149) Def: 13 Gold: 0 Moves: 20468 Dungeon seed: _-RoOXCvXP8RirIi Game ID: Wiwo_1676221531 Your Inventory: Weapons d - a blessed +1 quarterstaff (weapon in hands) V - 11 uncursed +1 darts of fire Armor e - a blessed +0 cloak of magic resistance (being worn) n - an uncursed +0 orcish helm (being worn) r - a blessed +4 ring mail (being worn) z - an uncursed +0 pair of iron shoes (being worn) O - an uncursed +0 pair of gauntlets of power Comestibles H - an uncursed lizard corpse Rings p - a blessed +4 ring of protection L - an uncursed ring of levitation N - an uncursed ring of protection from shape changers Wands g - an uncursed wand of sleep (0:3) y - an uncursed wand of striking (0:5) D - an uncursed wand of teleportation (0:0) K - an uncursed wand of cancellation (0:4) S - an uncursed wand of polymorph (0:5) U - an uncursed wand of digging (0:7) X - an uncursed wand of speed monster (0:7) Z - an uncursed wand of fire (0:3) Tools a - an uncursed tin whistle b - an uncursed bag of holding f - an uncursed mirror j - an uncursed tin opener (alternate weapon; not wielded) k - an uncursed skeleton key l - a blessed magic lamp m - an uncursed bugle s - an uncursed stethoscope u - an uncursed +0 unicorn horn w - an uncursed magic whistle T - an uncursed blindfold Gems q - an uncursed luckstone Contents of the bag of holding: 2 uncursed +0 elven arrows 2 uncursed +0 elven daggers an uncursed +0 long sword of fire 2 uncursed fortune cookies an uncursed lizard corpse 2 uncursed lizard corpses an uncursed lump of royal jelly 3 uncursed tripe rations 2 uncursed scrolls of amnesia 4 uncursed scrolls of blank paper an uncursed scroll of enchant weapon a blessed scroll of food detection an uncursed scroll of scare monster a cursed scroll of summoning 4 uncursed scrolls of teleportation a cursed scroll of teleportation an uncursed potion of extra healing an uncursed potion of see invisible an uncursed potion of speed an uncursed ring of aggravate monster an uncursed +0 ring of carrying an uncursed ring of fire immunity an uncursed +1 ring of increase accuracy a blessed +2 ring of increase damage an uncursed wand of sleep (0:1) an uncursed wand of speed monster (0:8) an uncursed wand of striking (0:5) an uncursed +0 pick-axe 4 uncursed amethyst stones an uncursed aquamarine stone 2 uncursed diamonds 3 uncursed emeralds 3 uncursed rubies 4 uncursed worthless pieces of black glass 7 uncursed worthless pieces of blue glass 4 uncursed worthless pieces of green glass 6 uncursed worthless pieces of orange glass 9 uncursed worthless pieces of red glass 7 uncursed worthless pieces of violet glass 2 uncursed worthless pieces of white glass 5 uncursed worthless pieces of yellow glass an uncursed worthless piece of yellowish brown glass 1557 gold pieces Spells and supernatural/magical abilities: Name Level Category Cost Memory a - force bolt 1 attack 5pw 66% c - cause fear 3 enchantment 33pw 66% d - dig 2 matter 25pw 77% e - charm monster 3 enchantment 33pw 86% l - light 1 divination 12pw 84% m - magic missile 2 attack 14pw 66% n - detect monsters 1 divination 12pw 69% p - protection 1 clerical 12pw 68% s - slow monster 2 enchantment 16pw 77% u - confuse monster 2 enchantment 16pw 91% z - sleep 1 enchantment 8pw 66% A - create familiar 3 clerical 37pw 98% D - drain life 2 attack 14pw 83% W - pray for help -- divine ? -- Your skills at the end: Fighting Skills wands [Basic] Weapon Skills quarterstaff [Expert] Spellcasting Skills attack spells [Expert] enchantment spells [Basic] Final Attributes: You were piously aligned. You were cold resistant. You were immune to sleep. You were poison resistant. You were magic resistant. You saw invisible. You were telepathic. You had infravision. You were protected. You were fast. You were very lucky. You had extra luck. Bad luck did not time out for you. Good luck did not time out for you. You last prayed 1 turn ago. Anhur favoured you deeply. You are dead. Vanquished creatures: a black pudding a queen bee 2 giant mimics a zruty 2 large mimics a long worm a stalker 2 hill giants 4 winter wolves 4 small mimics a glass piercer a warhorse 3 xans 2 quantum mechanics a troll a sasquatch a gelatinous cube 2 pyrolisks a large dog a flaming sphere a shocking sphere a human mummy a pit viper 2 carnivorous apes an ettin zombie a leather golem an incubus 2 chameleons a giant beetle 3 quivering blobs a cockatrice 20 wolves 3 winter wolf cubs 2 lynxes a panther 2 spotted jellies 4 leprechauns an iron piercer 8 giant spiders 3 horses 2 ice vortices 2 black lights 16 vampire bats 6 gnome kings an orc mummy a brown pudding a rust monster 2 yetis a gold golem a werewolf 3 giant eels 4 lizards a dog 3 dingos 3 jaguars 2 dwarf lords 5 blue jellies 2 white unicorns a dust vortex 2 ravens 2 gnome mummies a snake an ape 2 rope golems 3 soldier ants a fire ant an imp 2 water nymphs 2 mountain nymphs 6 Mordor orcs 2 orc shamans a rock mole 2 ponies 3 fog clouds 7 yellow lights 4 shriekers 14 gnome lords 6 gnomish wizards a kobold mummy a red naga hatchling 2 black naga hatchlings a golden naga hatchling a guardian naga hatchling 2 gray oozes 3 barrow wights 3 ghouls a straw golem 2 paper golems a baby crocodile 3 little dogs 6 floating eyes 3 kittens 20 dwarves 2 homunculi 3 kobold lords 5 hill orcs 9 rothes 3 rabid rats 3 centipedes 4 giant bats 5 monkeys 7 orc zombies 5 dwarf zombies a wererat 2 werejackals 4 iguanas 22 killer bees 2 acid blobs 9 coyotes 4 gas spores 10 hobbits 17 manes 5 large kobolds 4 hobgoblins 17 giant rats 7 cave spiders 2 brown molds 2 yellow molds 3 green molds 5 red molds 67 gnomes 15 garter snakes 2 gnome zombies 6 geckos 13 jackals 13 foxes 2 kobolds 2 goblins 12 sewer rats 17 grid bugs a bat 6 lichens 17 newts 596 creatures vanquished. Voluntary challenges: You had been an atheist until turn 6730. You used a wielded weapon 400 times, starting on turn 697. You read items or engraved 49 times, starting on turn 968. You never genocided any monsters. You never polymorphed an object. You never changed form. You used no wishes. You never split a pudding. You wrote Elbereth's name 10 times, starting on turn 7680. You violated your moral code, losing 68 points of alignment, starting on turn 11955. Dungeon overview: The Dungeons of Doom: levels 1 to 12 Level 1 a fountain a long staircase Level 2 a fountain, a sink Level 3 a general store stairs to The Gnomish Mines Level 4 Level 5 many fountains Level 6 a general store stairs to Sokoban Level 7 an altar to Anhur, a fountain, a vault Level 8 an armor shop, a fountain Level 9 Level 10 Level 11 a delicatessen, a vault portal to The Quest Level 12 <- You were here an altar to Anhur The Gnomish Mines: levels 4 to 11 Level 4 stairs to The Dungeons of Doom Level 5 Level 6 Level 7 many shops, a temple to Ptah, some fountains, a sink Level 8 Level 9 Level 10 Level 11 a fountain The Quest: Level 1 a throne portal to The Dungeons of Doom Sokoban: levels 2 to 5 Level 2 Solved Level 3 Solved Level 4 Solved Level 5 Solved stairs to The Dungeons of Doom History has recorded: On T:1 you entered the Dungeons of Doom to retrieve the Amulet of Yendor! On T:112 you reached level 2 of The Dungeons of Doom. On T:709 you reached level 3 of The Dungeons of Doom. On T:767 you reached level 4 of The Dungeons of Doom. On T:798 you reached level 1 of The Gnomish Mines. On T:1562 you reached level 5 of The Dungeons of Doom. On T:1691 you advanced to experience level 2. On T:1791 you advanced to experience level 3. On T:1985 you reached level 6 of The Dungeons of Doom. On T:2077 you reached level 7 of The Dungeons of Doom. On T:2150 you reached level 4 of Sokoban. On T:2309 you advanced to experience level 4. On T:2547 you reached level 3 of Sokoban. On T:3244 you reached level 2 of Sokoban. On T:3753 you reached level 1 of Sokoban. On T:4541 you advanced to experience level 5. On T:6322 you advanced to experience level 6. On T:6501 you reached level 8 of The Dungeons of Doom. On T:7700 you reached level 9 of The Dungeons of Doom. On T:8440 you advanced to experience level 7. On T:9510 you reached level 2 of The Gnomish Mines. On T:9926 you reached level 3 of The Gnomish Mines. On T:10207 you reached level 4 of The Gnomish Mines. On T:10319 you advanced to experience level 8. On T:10624 you reached level 5 of The Gnomish Mines. On T:13424 you reached level 6 of The Gnomish Mines. On T:14153 you reached level 7 of The Gnomish Mines. On T:14391 you advanced to experience level 9. On T:15057 you reached level 8 of The Gnomish Mines. On T:18667 you reached level 10 of The Dungeons of Doom. On T:19053 you reached level 11 of The Dungeons of Doom. On T:19214 you advanced to experience level 10. On T:19292 you reached level 12 of The Dungeons of Doom. On T:19463 you reached level 1 of The Quest. On T:19839 you embarked upon an epic quest. Score breakdown: Gold: 1557 (10860 points) Experience: 10 levels (16712 points) Exploration: 12 levels ( 24.49%) (14361 points) Discoveries: 45 items ( 15.62%) (11858 points) Valuables value: (no points given unless you survive) Artifact value: 0 ( 0 points) Variety of kills: 133 monsters ( 35.00%) (17748 points) Turncount: 20468 turns (-3436 points) Survival: died (score multiplied by 80%) Total score: 54482 Latest messages: The giant spider bites! [3 turns] Your sacrifice is consumed in a burst of flame! You glimpse a four-leaf clover at your feet. Anhur favours you deeply. The giant spider misses. The fire ant bites! The fire ant misses. You begin praying to Anhur. You are surrounded by a shimmering light. The fire ant starts to attack you, but pulls back. The giant spider starts to attack you, but pulls back. The fire ant starts to attack you, but pulls back. The giant spider starts to attack you, but pulls back. The fire ant starts to attack you, but pulls back. (2x) You feel that Anhur is well-pleased. An object appears at your feet! [3 turns] The giant spider bites! (2x) You write in the dust with your fingers. The giant spider misses. The fire ant bites! You die... Final status: Goodbye Wiwo the Wizard, killed by a fire ant... You died in The Dungeons of Doom on dungeon level 12 with 54482 points, and 1557 pieces of gold, after 20468 moves. You were level 10 with a maximum of 91 hit points when you died.